AoeStats
← Sir_Malmsteen

Golden Pit

509780010Analyzed
1v1 RM · 4d ago on Sep 28, 2026· 39m 57s· 2 players
Game mode
Random Map
Map size
Tiny (2 player)
Population
200
Speed
Normal
Resources
Standard
Victory
Conquest
Starting age
Dark Age
Ending age
Imperial Age
RankedLock teamsTeams togetherTeam positionsShared explorationLock speedFull tech treeHidden civsTurbo modeCheats
Victory
Defeat
🇦🇷 Mongols · Argentina
1199
+15
🇬🇷 Franks · Greece
1178
-15
OLYMPIAKOS
9:11 Loom
10:56 Feudal Age
17:45 Castle Age
16:14 Double-Bit Axe
18:16 Town Watch
24:21 Wheelbarrow
26:11 Husbandry
27:03 Scale Barding Armor
28:13 Forging
33:25 Iron Casting
33:35 Chain Barding Armor
Sir_Malmsteen
9:15 Feudal Age
10:24 Double-Bit Axe
10:21 Horse Collar
11:39 Loom
19:35 Castle Age
17:35 Fletching
18:20 Padded Archer Armor
18:14 Gold Mining
19:11 Bloodlines
20:29 Bodkin Arrow
21:33 Bow Saw
24:40 Ballistics
24:39 Leather Archer Armor
24:27 Husbandry
27:15 Thumb Ring
29:43 Wheelbarrow
29:44 Scale Barding Armor
33:38 Forging
36:28 Heavy Plow
37:19 Iron Casting
38:22 Town Watch
38:53 Hand Cart
Connection lost

Rejoining the realm…

Still unreachable

The connection could not be restored.

Session expired

The server has moved on; the page needs a fresh start.